cohdb
Replays
Latest Replays
All Replays
Popular Replays
Top Player Replays
Match Explorer
How It Works
Community
CoH3 Stats
Reddit
Sign in to upload your games and track your stats! →
Sign in with Steam
Match 40920858
Unlisted
Match 40920858
Overview
Messages
Build Orders
End
Pioneer Squad
Pioneer Squad
Construct Infanterie Kompanie
Selects Terror Battlegroup
Selects Machine Gun Camouflage
MG 42 Machine Gun Team
MG 42 Machine Gun Team
Construct Luftwaffe Kompanie
Jäger Squad
MG 42 Bunker
MG 42 Bunker
Jäger Squad
Luftwaffe Officer Quarters
Medical Station
Jäger Squad
Selects Interrogate
MG 42 Machine Gun Team
Selects Defend the Fatherland
Construct Panzer Kompanie
Stoßtruppen Squad
Stoßtruppen Squad
MG 42 Machine Gun Team
Selects King Tiger Heavy Tank
King Tiger Heavy Tank
Panzer Officer Quarters
Selects Propaganda Leaflet Drop
Construct Panzergrenadier Kompanie
Pioneer Squad
Propaganda Leaflet Drop
Selects V1 Rocket Strike
Pioneer Squad
V1 Rocket Strike
Propaganda Leaflet Drop
Pak 40 Anti-tank Gun Team
十_Fck
Dwight
TiMMi_ks
Neon-Reactionary
LootyLoots
Kamfrenchie
0
0
Comments
sign in to comment!
No comments posted yet!